 Dungeon Crawl Stone Soup version 0.24.0-41-g2ae2f7f1be (webtiles) character file.

Game seed: 17844411221356010739, levelgen mode: deterministic

44 ReteAZ the Ruffian (level 3, 0/36 HPs)
             Began as a Troll Fighter on Dec 10, 2019.
             Slain by a gnoll
             ... wielding a +0 halberd
              (2 damage)
             ... on level 2 of the Dungeon.
             The game lasted 00:02:03 (1189 turns).

ReteAZ the Ruffian (Troll Fighter)                  Turns: 1189, Time: 00:02:03

Health: 0/36       AC:  6    Str: 27    XL:     3   Next: 41%
Magic:  2/2        EV:  8    Int:  4    God:
Gold:   137        SH:  9    Dex:  9    Spells: 2/2 levels left

rFire    . . .     SeeInvis .     - Unarmed
rCold    . . .     Gourm    +   b - +0 shield
rNeg     . . .     Faith    .   a - +0 robe
rPois    .         Spirit   .   (helmet restricted)
rElec    .         Reflect  .   (no cloak)
rCorr    .         Harm     .   (gloves unavailable)
MR       .....                  (boots unavailable)
Stlth    +.........             (no amulet)
HPRegen  0.52/turn              p - ring of flight
MPRegen  0.08/turn              m - +2 ring of strength

@: no status effects
A: large, unfitting armour, claws 3, fast metabolism 3, gourmand, regeneration
1, shaggy fur 1, tough skin 3
a: Evoke Flight


You were on level 2 of the Dungeon.
You were not hungry.

You visited 1 branch of the dungeon, and saw 2 of its levels.

You collected 137 gold pieces.

Inventory:

Armour
 a - a +0 robe (worn)
 b - a +0 shield (worn)
Jewellery
 g - an uncursed ring of wizardry
 m - a +2 ring of strength (right claw)
 p - a ring of flight (left claw)
Scrolls
 e - 2 scrolls of immolation {unknown}
 h - a scroll of noise {unknown}
 i - a scroll of magic mapping {unknown}
 j - 4 scrolls of remove curse {unknown}
 n - 3 scrolls of enchant weapon {unknown}
Potions
 c - a potion of might
 f - a potion of curing {unknown}
 k - a potion of heal wounds {unknown}
 l - a potion of haste {unknown}
 o - 2 potions of brilliance {unknown}
Comestibles
 d - 5 rations


   Skills:
 - Level 2.4 Fighting
 - Level 2.4 Dodging
 - Level 2.4 Shields
 + Level 3.9 Unarmed Combat


You had 2 spell levels left.
You didn't know any spells.
Your spell library was empty.

Dungeon Overview and Level Annotations

Branches:
Dungeon (2/15)

Altars:
Ashenzari


Innate Abilities, Weirdness & Mutations

You are too large for most types of armour.
You have claws for hands.
Your metabolism is lightning-fast.
You like to eat raw meat.
Your natural rate of healing is unusually fast.
You are covered in fur. (AC +1)
You have extremely tough skin. (AC +3)


Message History

You are too injured to fight recklessly!
You are too injured to fight recklessly!
You are too injured to fight recklessly!
You are too injured to fight recklessly!
You are too injured to fight recklessly!
You are too injured to fight recklessly!
You are too injured to fight recklessly!
You are too injured to fight recklessly!
You are too injured to fight recklessly!
You are too injured to fight recklessly!
You are too injured to fight recklessly!
You are too injured to fight recklessly!
You are too injured to fight recklessly!
Unknown command.
You are too injured to fight recklessly!
The gnoll hits you from afar with a cursed -3 spear.
The gnoll hits you from afar with a +0 spear!
* * * LOW HITPOINT WARNING * * *
The gnoll hits you with a +0 halberd.
You die...

## ###.# ##....# .....
##.#.##...# #@gg.##.#.#
###..g..#.#.#
#.......#.#.#
####.......#.#.#
#..........#.#.########
#.###......#.#.##......
# #........>.........
#..#####...##.#[...
#..##...........#.#


You could see 3 gnolls.

Vanquished Creatures
  An adder (D:2)
  A dart slug (D:2)
  A worm (D:2)
  A giant cockroach (D:1)
  4 goblins (D:1)
  5 hobgoblins
  4 jackals (D:1)
  2 kobolds (D:1)
  3 bats
  3 frilled lizards
  4 rats
29 creatures vanquished.

Notes
Turn   | Place    | Note
-------+----------+-------------------------------------------
     0 | D:1      | ReteAZ the Troll Fighter began the quest for the Orb.
     0 | D:1      | Reached XP level 1. HP: 22/22 MP: 0/0
   114 | D:1      | Reached XP level 2. HP: 29/29 MP: 1/1
   302 | D:1      | Reached skill level 3 in Unarmed Combat
   669 | D:2      | Found a shattered altar of Ashenzari.
   702 | D:2      | Reached XP level 3. HP: 29/36 MP: 2/2
  1189 | D:2      | Slain by a gnoll

Levels and vault maps discovered:
D:1:      lemuel_arrival_room, layout_loops_ring
D:2:      layout_basic, overflow_temple_1_default, doesnt_xom_only_xom,
          minmay_small_reverse_x

Skill      XL: |  1  2 |
---------------+-------+-----
Unarmed Combat | 3 |  3.9
Fighting       | |  2.4
Dodging        | |  2.4
Shields        | |  2.4

Action                   || total
-------------------------++-------
Melee: Unarmed           ||    89
 Stab: Sleeping          ||     1
  Eat: Chunk             ||    11
Armor: Robe              ||    18
Dodge: Dodged            ||    23
Block: Shield            ||    30
